AoeStats
← Sakhta

Black Forest

503786033Analyzed
1v1 RM · 1mo ago on Sep 2, 2026· 45m 39s· 2 players
Game mode
Random Map
Map size
Tiny (2 player)
Population
200
Speed
Normal
Resources
Standard
Victory
Conquest
Starting age
Dark Age
Ending age
Imperial Age
RankedLock teamsTeams togetherTeam positionsShared explorationLock speedFull tech treeHidden civsTurbo modeCheats
Victory
Defeat
🇷🇺 Persians · Russia
1187
+15
🇪🇸 Persians · Spain
1165
-15
[MNKD] pajaromosca
10:21 Feudal Age
15:10 Castle Age
13:58 Double-Bit Axe
14:37 Loom
14:36 Horse Collar
17:27 Wheelbarrow
20:36 Bow Saw
23:22 Heavy Plow
23:37 Loom
24:06 Town Watch
25:45 Fletching
25:55 Padded Archer Armor
27:06 Bodkin Arrow
27:11 Padded Archer Armor
27:14 Crossbowman
28:23 Hand Cart
28:16 Gold Mining
28:16 Stone Mining
28:23 Stone Mining
29:09 Scale Barding Armor
29:14 Forging
32:17 Imperial Age
30:48 Bloodlines
30:00 Light Cavalry
31:02 Chain Barding Armor
31:29 Gold Shaft Mining
31:29 Stone Shaft Mining
31:29 Husbandry
32:35 Iron Casting
31:57 Onager
32:36 Hussar
34:42 Chemistry
34:04 Ballistics
34:08 Conscription
36:34 Plate Barding Armor
37:00 Blast Furnace
39:44 Heavy Scorpion
43:03 Coinage
44:16 Blast Furnace
45:14 Heavy Camel Rider
Sakhta
3:37 Loom
11:49 Feudal Age
15:50 Castle Age
13:39 Double-Bit Axe
13:40 Horse Collar
17:53 Bow Saw
22:20 Gold Mining
25:15 Wheelbarrow
25:04 Town Watch
29:55 Imperial Age
27:41 Stone Mining
28:29 Squires
28:26 Fletching
28:41 Scale Barding Armor
28:37 Scale Mail Armor
28:47 Forging
28:40 Padded Archer Armor
29:04 Heavy Plow
29:36 Ballistics
31:17 Chemistry
30:44 Bodkin Arrow
31:11 Chain Barding Armor
31:03 Bloodlines
30:54 Husbandry
32:31 Leather Archer Armor
31:42 Cavalier
33:57 Coinage
33:38 Guilds
33:46 Leather Archer Armor
34:06 Plate Barding Armor
34:24 Conscription
35:11 Capped Ram
35:12 Onager
37:05 Banking
36:59 Hand Cart
36:44 Town Patrol
37:03 Forging
37:08 Chain Mail Armor
37:20 Pikeman
37:33 Heavy Camel Rider
37:50 Siege Ram
40:27 Light Cavalry
42:15 Ring Archer Armor
42:22 Iron Casting
42:18 Plate Mail Armor
42:20 Halberdier
44:17 Hussar
Connection lost

Rejoining the realm…

Still unreachable

The connection could not be restored.

Session expired

The server has moved on; the page needs a fresh start.